 Dungeon Crawl Stone Soup version 0.20.1-1-g8b1a95d (webtiles) character file.

114 Linguinho the Skirmisher (level 4, -1/37 HPs)
             Began as a Demonspawn Monk on Nov 9, 2017.
             Was a Believer of Cheibriados.
             Slain by an orc wizard
             ... wielding a +0 dagger
              (4 damage)
             ... on level 3 of the Dungeon.
             The game lasted 00:06:18 (2159 turns).

Linguinho the Skirmisher (Demonspawn Monk)          Turns: 2159, Time: 00:06:19

Health: -1/37      AC:  5    Str: 16    XL:     4   Next: 67%
Magic:  4/4        EV: 14    Int: 16    God:    Cheibriados [**....]
Gold:   77         SH:  0    Dex: 19    Spells: 3/3 levels left

rFire    . . .     SeeInvis .   a - +0 spear
rCold    . . .     Gourm    .   (no shield)
rNeg     . . .     Faith    .   q - +0 leather armour
rPois    .         Spirit   .   (no helmet)
rElec    .         Reflect  .   e - +0 cloak
rCorr    .         Harm     .   (no gloves)
MR       .....                  (no boots)
Stlth    ++........             (no amulet)
Regen    0.2/turn               (no ring)
MPRegen  0.1/turn               (no ring)

@: very slow
A: rugged brown scales 1
a: Bend Time, Renounce Religion


You were on level 3 of the Dungeon.
You worshipped Cheibriados.
Cheibriados was pleased with you.
You were very hungry.

You visited 1 branch of the dungeon, and saw 3 of its levels.

You collected 77 gold pieces.

Inventory:

Hand Weapons
 a - a +0 spear (weapon)
 d - a +2 quarterstaff of chaos
Armour
 e - a +0 cloak (worn)
 q - a +0 leather armour (worn)
Jewellery
 t - an uncursed ring of protection from cold {unknown}
Scrolls
 f - 4 scrolls of recharging {unknown}
 h - a scroll of blinking {unknown}
 k - 3 scrolls of teleportation {unknown}
 l - a scroll of fear {unknown}
 m - a scroll of random uselessness {unknown}
 n - a scroll of enchant armour {unknown}
 r - a scroll of noise {unknown}
 s - a scroll of identify {unknown}
Potions
 g - a potion of ambrosia
Comestibles
 c - 2 bread rations
 i - a royal jelly
 o - a meat ration


   Skills:
 + Level 3.6 Fighting
 + Level 3.5 Polearms
 + Level 1.1 Armour
 + Level 3.4 Dodging
 - Level 2.1 Stealth


You had 3 spell levels left.
You didn't know any spells.

Dungeon Overview and Level Annotations

Branches:
Dungeon (3/15)

Altars:
Cheibriados
Fedhas
Kikubaaqudgha


Innate Abilities, Weirdness & Mutations

You are partially covered in rugged brown scales. (AC +1, +3% HP)


Message History

Something hits you but does no damage. The orc completely misses you.
You hit the orc.
The orc is heavily wounded.
Something hits you but does no damage. The orc misses you.
You hit the orc.
The orc is severely wounded.
You hear some strange, mumbled words.
A magic dart appears from out of thin air!
The magic dart hits you!
* * * LOW HITPOINT WARNING * * *
You hit the orc.
You kill the orc!
Cheibriados thoroughly appreciates the change of pace.
Something closely misses you.
You hit something. Something hits you.
* * * LOW HITPOINT WARNING * * *
You closely miss something. Something hits you but does no damage.
You closely miss something. Something hits you but does no damage.
You miss something. Something hits you.
You die...

#.#####.# # #.......#
#. #.......#
.##.......#
....%....#
#.......####
#..{....##..
#..@..($##.#
#..)....##.#
.##.##%####.#
..........##.#
.###......##.########
#.......†........#
#......###.#####.#
.!......# #.#####.##
###...#### #.##.....


There were no monsters in sight!

Vanquished Creatures
  Crazy Yiuf (D:3)
  4 adders
  A worm (D:2)
  A leopard gecko (D:1)
  An orc (D:3)
  3 bats
  3 giant cockroaches (D:2)
  5 goblins
  6 hobgoblins (D:2)
  2 jackals (D:3)
  4 kobolds
  A quokka (D:3)
  9 frilled lizards
  A quokka skeleton (D:3)
  3 rats
45 creatures vanquished.

Notes
Turn   | Place    | Note
-------+----------+-------------------------------------------
     0 | D:1      | Linguinho the Demonspawn Monk began the quest for the Orb.
     0 | D:1      | Reached XP level 1. HP: 18/18 MP: 1/1
   144 | D:1      | Gained mutation: You are partially covered in rugged brown scales. (AC +1, +3% HP) [demonic ancestry]
   144 | D:1      | Reached XP level 2. HP: 17/24 MP: 2/2
   652 | D:2      | Reached XP level 3. HP: 27/29 MP: 3/3
   803 | D:2      | Found a snail-covered altar of Cheibriados.
  1402 | D:2      | Found an ancient bone altar of Kikubaaqudgha.
  1420 | D:2      | Found a blossoming altar of Fedhas.
  1546 | D:2      | Became a worshipper of Cheibriados the Contemplative
  1546 | D:2      | Reached * piety under Cheibriados
  1546 | D:2      | Reached ** piety under Cheibriados
  1587 | D:3      | Reached XP level 4. HP: 27/36 MP: 4/4
  1630 | D:3      | Found a runed door.
  1702 | D:3      | Noticed Crazy Yiuf
  1732 | D:3      | Killed Crazy Yiuf
  2120 | D:3      | Reached skill level 1 in Armour
  2159 | D:3      | Slain by an orc wizard

Skill      XL: |  1  2  3  4 |
---------------+-------------+-----
Dodging        | 3 |  3.4
Polearms       | 3 |  3.5
Stealth        | 2 |  2.1
Armour         | 1 |  1.1
Fighting       | |  3.6

Action                   |  1- 3 |  4- 6 || total
-------------------------+-------+-------++-------
Melee: Spear             |   168 |    75 ||   243
  Use: Potion            |       |     6 ||     6
 Stab: Sleeping          |     5 |     1 ||     6
  Eat: Chunk             |     2 |       ||     2
Armor: Robe              |     8 |       ||     8
       Leather armour    |    14 |    16 ||    30
       Skin              |       |     3 ||     3
Dodge: Dodged            |    83 |    33 ||   116
